 Dungeon Crawl Stone Soup version 0.20.1-1-g8b1a95d (webtiles) character file.

218 Aleksandr27reg the Covert (level 5, -4/35 HPs)
             Began as an Octopode Assassin on Nov 2, 2017.
             Slain by an ogre
             ... wielding a +0 giant spiked club
              (16 damage)
             ... on level 4 of the Dungeon.
             The game lasted 00:14:52 (3467 turns).

Aleksandr27reg the Covert (Octopode Assassin)       Turns: 3467, Time: 00:14:53

Health: -4/35      AC:  1    Str:  8 (10) XL:     5   Next: 95%
Magic:  5/5        EV: 13    Int: 12 (13) God:
Gold:   162        SH:  0    Dex: 13 (15) Spells: 4/4 levels left

rFire    . . .     SeeInvis +   a - +2 dagger
rCold    . . .     Gourm    .   (no shield)
rNeg     . . .     Faith    .   (helmet restricted)
rPois    .         Spirit   .   (no amulet)
rElec    .         Reflect  .   k - ring of resist corrosion
rCorr    +         Harm     .   x - ring of protection from magic
MR       +....                  f - ring of see invisible
Stlth    +++++.....             (no ring)
Regen    0.2/turn               (no ring)
MPRegen  0.1/turn               (no ring)
                                (no ring)
                                (no ring)

@: no status effects
A: almost no armour, stealthy swim, amphibious, 8 rings, constrict 8, camouflage
1, gelatinous body 1
a: no special abilities


You were on level 4 of the Dungeon.
You were not hungry.

You visited 1 branch of the dungeon, and saw 4 of its levels.

You collected 162 gold pieces.

Inventory:

Hand Weapons
 a - a +2 dagger (weapon)
 b - a +0 blowgun
Missiles
 c - 39 poisoned needles
 d - 2 curare-tipped needles
Jewellery
 f - a ring of see invisible (on tentacle)
 k - a ring of resist corrosion (left tentacle)
 p - a cursed ring of loudness
 x - a ring of protection from magic (right tentacle)
 y - an uncursed ring of fire
Scrolls
 e - 5 scrolls of teleportation
 n - 2 scrolls of blinking {unknown}
 r - 2 scrolls of enchant armour {unknown}
 u - a scroll of amnesia {unknown}
 v - a scroll of remove curse {unknown}
Potions
 i - a potion of heal wounds {unknown}
 m - a potion of berserk rage {unknown}
 o - a potion of mutation {unknown}
 q - a potion of degeneration
 t - a potion of invisibility {unknown}
Comestibles
 h - 2 fruits
 l - 2 meat rations
 w - a royal jelly


   Skills:
 + Level 2.4 Fighting
 + Level 2.5 Short Blades
 + Level 2.1 Throwing
 + Level 2.0 Dodging
 * Level 8.6 Stealth


You had 4 spell levels left.
You didn't know any spells.

Dungeon Overview and Level Annotations

Branches:
Dungeon (4/15)             Temple (0/1) D:4

Altars:
Cheibriados
Sif Muna

Annotations:
D:4 1 runed door


Innate Abilities, Weirdness & Mutations

You cannot wear most types of armour.
You are very stealthy in the water. (Stealth+)
You are amphibious.
You can wear up to eight rings at the same time.
You can use your tentacles to constrict eight enemies at once.
Your skin changes colour to match your surroundings (Stealth+).
Your rubbery body absorbs attacks. (AC +1, EV +1)


Message History

f - an uncursed ring of see invisible
As you read the scroll of identify, it crumbles to dust.
y - an uncursed ring of fire
f - a ring of see invisible (on tentacle)
An ogre comes into view. It is wielding a giant spiked club.
You see here 3 gold pieces.
The ogre hits you with a giant spiked club!!
Ouch! That really hurt!
You see here 9 gold pieces.
You barely miss the ogre. You barely miss the ogre.
The ogre closely misses you.
You hit the ogre.
The ogre is lightly wounded.
The ogre misses you.
You hit the ogre.
The ogre is moderately wounded.
You completely miss the ogre.
The ogre is moderately wounded.
The ogre hits you with a giant spiked club!
You die...

#..#........ .. #
.......... .#
#.#.#.#....####.#
.....#.....<...#
....#.........#####
###.#.#...#.........#
........#.#....####.
......#.#+#....####+###
......#........$@O....#
.....>................#
...####...............#
...# ######.######.###
...# ...# .# .### ####
# .# .# .#


You could see an ogre.

Vanquished Creatures
  An orc wizard (D:3)
  Jessica (D:3)
  Terence (D:3)
  4 gnolls (D:3)
  An adder (D:2)
  3 worms (D:2)
  3 dart slugs
  3 orcs (D:3)
  6 giant cockroaches
  13 goblins
  4 hobgoblins
  6 jackals (D:3)
  4 kobolds
  3 quokkas
  3 ball pythons (D:1)
  10 bats
  7 frilled lizards
  6 rats
79 creatures vanquished.

Notes
Turn   | Place    | Note
-------+----------+-------------------------------------------
     0 | D:1      | Aleksandr27reg the Octopode Assassin began the quest for the Orb.
     0 | D:1      | Reached XP level 1. HP: 14/14 MP: 1/1
   282 | D:1      | Reached XP level 2. HP: 19/19 MP: 2/2
   306 | D:1      | Reached skill level 6 in Stealth
   800 | D:1      | Reached XP level 3. HP: 20/24 MP: 3/3
  1060 | D:2      | Found a snail-covered altar of Cheibriados.
  1211 | D:2      | Reached skill level 7 in Stealth
  1451 | D:2      | Found a deep blue altar of Sif Muna.
  1502 | D:2      | Reached XP level 4. HP: 29/29 MP: 4/4
  2361 | D:3      | Noticed Jessica
  2380 | D:3      | Reached XP level 5. HP: 29/34 MP: 5/5
  2384 | D:3      | Noticed Terence
  2764 | D:3      | Killed Jessica
  2764 | D:3      | Reached skill level 8 in Stealth
  2770 | D:3      | Killed Terence
  3361 | D:4      | Found a staircase to the Ecumenical Temple.
  3416 | D:4      | Found a runed door.
  3460 | D:4      | Noticed an ogre
  3467 | D:4      | Slain by an ogre

Skill      XL: |  1  2  3  4  5 |
---------------+----------------+-----
Stealth        | 6 7 8 |  8.6
Dodging        | 2 |  2.0
Fighting       | |  2.4
Short Blades   | |  2.5
Throwing       | |  2.1

Action                   |  1- 3 |  4- 6 || total
-------------------------+-------+-------++-------
Melee: Dagger            |    76 |    98 ||   174
       Constrict         |    18 |    26 ||    44
       Tentacles         |    14 |    21 ||    35
  Use: Scroll            |     3 |     3 ||     6
       Potion            |       |     2 ||     2
 Stab: Sleeping          |    13 |     7 ||    20
       Distracted        |       |     1 ||     1
  Eat: Chunk             |     2 |     5 ||     7
       Bread ration      |       |     1 ||     1
Armor: Skin              |     9 |     5 ||    14
Dodge: Dodged            |    69 |    77 ||   146
